[ PARTIDA AOE2 · #493825932 ]
UnrankedBengalíes vs Vikings
Equipo del jugador · VICT
Equipo rival · DERR
[ ANÁLISIS DE REPETICIÓN · EXTRAÍDO DE LA PARTIDA GRABADA ]
Feudal
11:02
Castillos
14:35
Imperial
—
| APM promedio | 56.8 |
| APM pico | 108 |
| eAPM promedio | 21.6 |
| Aldeanos / militares | 43 / 15 |
Foco
⚔️ 22.2% · 🌾 77.8%
Monk ×6 · Ratha (Ranged) ×4 · Mangonel ×3 · Scorpion ×1 · Armored Elephant ×1
Feudal
8:52
Castillos
18:49
Imperial
—
| APM promedio | 28.3 |
| APM pico | 58 |
| eAPM promedio | 14.6 |
| Aldeanos / militares | 43 / 9 |
Foco
⚔️ 25.8% · 🌾 74.2%
Berserk ×9
Mapa de la partida
Recursos iniciales + cada clic de construcción. Líneas = muros · curvas = relieve. ◆ oro · ⬟ piedra · ● bayas · ✦ reliquia · ◌ hueco del cierre
Tu base· ✓ Cerrada en 14:35 · 6t muro · 3 puerta(s)
Base de APM | Aramatu· ✓ Cerrada en 18:49 · 1t muro · 2 puerta(s)
Terreno inicial suavizado · ◌ = hueco del cierre detectado · pasá el cursor para detalles
Inputs por minuto
— Kaydos - - APM | Aramatu
Build order — Kaydos
109 acciones detectadas en el replay
| 0:01 | Crear | Villager (Male) |
| 0:01 | Crear | Villager (Male) |
| 0:02 | Construir | House |
| 0:03 | Construir | House |
| 0:13 | Crear | Villager (Male) |
| 0:13 | Crear | Villager (Male) |
| 0:13 | Crear | Villager (Male) |
| 1:27 | Crear | Villager (Male) |
| 1:47 | Construir | Lumber Camp |
| 1:58 | Crear | Villager (Male) |
| 2:14 | Crear | Villager (Male) |
| 2:50 | Crear | Villager (Male) |
| 2:56 | Crear | Villager (Male) |
| 2:57 | Crear | Villager (Male) |
| 3:01 | Construir | House |
| 3:35 | Crear | Villager (Male) |
| 4:09 | Construir | Mill |
| 4:12 | Crear | Villager (Male) |
| 4:12 | Crear | Villager (Male) |
| 4:46 | Crear | Villager (Male) |
| 4:46 | Crear | Villager (Male) |
| 5:12 | Crear | Villager (Male) |
| 5:32 | Construir | House |
| 5:35 | Crear | Villager (Male) |
| 6:00 | Crear | Villager (Male) |
| 6:25 | Crear | Villager (Male) |
| 7:07 | Crear | Villager (Male) |
| 7:29 | Crear | Villager (Male) |
| 7:54 | Crear | Villager (Male) |
| 8:13 | Construir | Mining Camp |
| 8:25 | Crear | Villager (Male) |
| 8:39 | Construir | Farm |
| 8:41 | Construir | Farm |
| 8:52 | Investigar | Feudal Age |
| 9:30 | Construir | House |
| 9:57 | Construir | House |
| 10:21 | Construir | Palisade Wall |
| 10:52 | Construir | House |
| 11:00 | Crear | Villager (Male) |
| 11:01 | Crear | Villager (Male) |
| 11:02 | Edad | Edad Feudal |
| 11:04 | Construir | Market |
| 11:08 | Construir | Blacksmith |
| 11:50 | Construir | Mining Camp |
| 11:55 | Investigar | Castle Age |
| 11:55 | Investigar | Castle Age |
| 12:30 | Construir | House |
| 12:51 | Construir | Farm |
| 12:53 | Construir | Farm |
| 12:55 | Construir | Farm |
| 12:58 | Construir | Farm |
| 13:06 | Construir | House |
| 13:52 | Construir | House |
| 13:55 | Construir | House |
| 13:58 | Construir | House |
| 14:03 | Construir | House |
| 14:10 | Construir | Palisade Wall |
| 14:15 | Construir | House |
| 14:35 | Edad | Edad de los Castillos |
| 14:36 | Crear | Villager (Male) |
| 14:37 | Investigar | Loom |
| 15:02 | Construir | Castle |
| 15:12 | Crear | Villager (Male) |
| 15:52 | Crear | Villager (Male) |
| 16:07 | Construir | Farm |
| 16:08 | Crear | Villager (Male) |
| 16:25 | Construir | Siege Workshop |
| 16:30 | Construir | Monastery |
| 16:34 | Crear | Ratha (Ranged) |
| 16:40 | Crear | Villager (Male) |
| 16:53 | Construir | Farm |
| 16:59 | Crear | Villager (Male) |
| 17:17 | Crear | Ratha (Ranged) |
| 17:33 | Crear | Armored Elephant |
| 17:42 | Construir | Mining Camp |
| 17:43 | Crear | Villager (Male) |
| 17:49 | Crear | Monk |
| 18:05 | Crear | Villager (Male) |
| 18:15 | Construir | Farm |
| 18:22 | Crear | Scorpion |
| 18:28 | Crear | Villager (Male) |
| 18:36 | Crear | Mangonel |
| 18:42 | Crear | Monk |
| 18:52 | Crear | Villager (Male) |
| 18:55 | Construir | Farm |
| 19:18 | Crear | Villager (Male) |
| 19:19 | Crear | Ratha (Ranged) |
| 19:32 | Crear | Monk |
| 19:34 | Crear | Villager (Male) |
| 19:43 | Construir | Farm |
| 19:45 | Construir | Farm |
| 19:47 | Construir | Farm |
| 19:48 | Construir | Farm |
| 20:01 | Crear | Ratha (Ranged) |
| 20:27 | Crear | Villager (Male) |
| 20:29 | Crear | Monk |
| 20:45 | Crear | Mangonel |
| 20:45 | Crear | Mangonel |
| 20:57 | Crear | Villager (Male) |
| 21:00 | Construir | Farm |
| 21:12 | Construir | Lumber Camp |
| 21:13 | Investigar | Double-Bit Axe |
| 21:23 | Crear | Monk |
| 21:31 | Crear | Villager (Male) |
| 21:46 | Investigar | Fletching |
| 21:47 | Crear | Villager (Male) |
| 22:00 | Crear | Monk |
| 22:11 | Crear | Villager (Male) |
| 22:14 | Construir | Farm |
Build order — APM | Aramatu
110 acciones detectadas en el replay
| 0:00 | Crear | Villager (Male) |
| 0:01 | Crear | Villager (Male) |
| 0:01 | Crear | Villager (Male) |
| 0:01 | Crear | Villager (Male) |
| 0:02 | Construir | House |
| 0:04 | Construir | House |
| 1:34 | Crear | Villager (Male) |
| 2:07 | Crear | Villager (Male) |
| 2:31 | Crear | Villager (Male) |
| 2:37 | Construir | Lumber Camp |
| 2:53 | Crear | Villager (Male) |
| 2:53 | Crear | Villager (Male) |
| 2:53 | Crear | Villager (Male) |
| 3:40 | Crear | Villager (Male) |
| 3:40 | Crear | Villager (Male) |
| 3:51 | Construir | House |
| 3:52 | Construir | House |
| 4:14 | Crear | Villager (Male) |
| 4:15 | Crear | Villager (Male) |
| 5:07 | Construir | Mill |
| 5:12 | Crear | Villager (Male) |
| 5:13 | Crear | Villager (Male) |
| 5:58 | Crear | Villager (Male) |
| 6:31 | Construir | Mining Camp |
| 6:40 | Investigar | Feudal Age |
| 7:50 | Investigar | Loom |
| 7:51 | Crear | Villager (Male) |
| 8:52 | Edad | Edad Feudal |
| 8:57 | Construir | Watch Tower |
| 9:07 | Investigar | Horse Collar |
| 9:08 | Investigar | Double-Bit Axe |
| 9:12 | Crear | Villager (Male) |
| 9:43 | Crear | Villager (Male) |
| 9:57 | Crear | Villager (Male) |
| 10:00 | Construir | Farm |
| 10:04 | Construir | Farm |
| 10:06 | Construir | Farm |
| 10:22 | Crear | Villager (Male) |
| 10:29 | Construir | House |
| 10:31 | Construir | House |
| 10:33 | Crear | Villager (Male) |
| 11:01 | Crear | Villager (Male) |
| 11:09 | Construir | Watch Tower |
| 11:24 | Crear | Villager (Male) |
| 12:03 | Crear | Villager (Male) |
| 12:24 | Construir | Farm |
| 12:25 | Construir | Farm |
| 12:30 | Construir | Farm |
| 12:32 | Construir | Farm |
| 12:37 | Crear | Villager (Male) |
| 13:12 | Crear | Villager (Male) |
| 13:19 | Construir | Mining Camp |
| 13:22 | Construir | Farm |
| 13:27 | Construir | Farm |
| 13:54 | Crear | Villager (Male) |
| 13:58 | Construir | Farm |
| 14:00 | Construir | Farm |
| 14:01 | Crear | Villager (Male) |
| 14:07 | Construir | Watch Tower |
| 14:28 | Crear | Villager (Male) |
| 15:02 | Construir | Watch Tower |
| 15:02 | Crear | Villager (Male) |
| 15:08 | Construir | Market |
| 15:12 | Crear | Villager (Male) |
| 15:39 | Construir | House |
| 15:48 | Construir | Blacksmith |
| 15:50 | Crear | Villager (Male) |
| 16:09 | Investigar | Castle Age |
| 16:16 | Construir | Lumber Camp |
| 17:13 | Investigar | Stone Mining |
| 17:56 | Construir | House |
| 17:57 | Construir | House |
| 17:58 | Construir | House |
| 18:03 | Construir | Palisade Wall |
| 18:06 | Construir | House |
| 18:07 | Construir | House |
| 18:46 | Construir | House |
| 18:49 | Edad | Edad de los Castillos |
| 18:51 | Construir | Castle |
| 18:58 | Construir | Palisade Wall |
| 19:00 | Construir | Palisade Wall |
| 19:02 | Construir | Palisade Wall |
| 19:02 | Construir | Palisade Wall |
| 19:03 | Construir | Palisade Wall |
| 19:04 | Crear | Villager (Male) |
| 19:04 | Crear | Villager (Male) |
| 19:08 | Crear | Villager (Male) |
| 19:24 | Construir | Farm |
| 19:53 | Crear | Berserk |
| 19:53 | Crear | Berserk |
| 20:01 | Construir | Monastery |
| 20:06 | Crear | Berserk |
| 20:08 | Investigar | Scale Mail Armor |
| 20:10 | Crear | Villager (Male) |
| 20:13 | Construir | Siege Workshop |
| 20:14 | Crear | Villager (Male) |
| 20:46 | Crear | Villager (Male) |
| 20:50 | Construir | Mining Camp |
| 20:54 | Crear | Berserk |
| 20:54 | Crear | Berserk |
| 21:00 | Investigar | Chain Mail Armor |
| 21:12 | Crear | Villager (Male) |
| 21:20 | Crear | Villager (Male) |
| 21:22 | Crear | Berserk |
| 21:23 | Crear | Berserk |
| 21:35 | Investigar | Devotion |
| 21:38 | Construir | Barracks |
| 21:41 | Crear | Villager (Male) |
| 22:07 | Construir | Lumber Camp |
| 22:37 | Crear | Berserk ×2 |
Cronología de la partida
| 8:52 | APM | Aramatu · age_up feudal |
| 10:21 | Kaydos · wall_segment Palisade Wall x5 |
| 11:02 | Kaydos · age_up feudal |
| 14:10 | Kaydos · wall_segment Palisade Wall x1 |
| 14:35 | Kaydos · age_up castle |
| 14:41 | Kaydos · first_market_sell 100 wood |
| 14:42 | Kaydos · first_market_buy 100 stone |
| 15:02 | Kaydos · first_building Castle |
| 16:25 | Kaydos · first_building Siege Workshop |
| 16:30 | Kaydos · first_building Monastery |
| 18:03 | APM | Aramatu · wall_segment Palisade Wall x1 |
| 18:31 | APM | Aramatu · first_market_buy 100 stone |
| 18:49 | APM | Aramatu · age_up castle |
| 18:51 | APM | Aramatu · first_building Castle |
| 18:58 | APM | Aramatu · wall_segment Palisade Wall x1 |
| 19:00 | APM | Aramatu · wall_segment Palisade Wall x1 |
| 19:02 | APM | Aramatu · wall_segment Palisade Wall x1 |
| 19:02 | APM | Aramatu · wall_segment Palisade Wall x1 |
| 19:03 | APM | Aramatu · wall_segment Palisade Wall x1 |
| 20:01 | APM | Aramatu · first_building Monastery |
| 20:13 | APM | Aramatu · first_building Siege Workshop |
| 21:38 | APM | Aramatu · first_building Barracks |
| 22:52 | APM | Aramatu · resign |
[ ANÁLISIS IA · 1 CRÉDITO ]
¿Qué pasó realmente en esta partida?
Wolo.gg analiza cada decisión: build order, eco, micro, errores típicos por bracket. Análisis personalizado por WhatsApp o Discord en 30 segundos.
Guía civ
Bengalíes
Perfil
Kaydos